 Dungeon Crawl Stone Soup version 0.27-a0-1147-gb3d8e82157 (webtiles) character file.

Game seed: 9728155663199371465

2 Anon1729 the Skirmisher (level 1, 0/18 HPs)
             Began as a Formicid Berserker on May 11, 2021.
             Slain by a ball python (3 damage)
             ... on level 1 of the Dungeon.
             The game lasted 00:00:25 (269 turns).

Anon1729 the Skirmisher (Formicid Berserker)         Turns: 269, Time: 00:00:26

Health: 0/18       AC:  2    Str: 21    XL:     1   Next: 44%
Magic:  1/1        EV: 12    Int:  6    God:
Gold:   27         SH:  0    Dex: 10    Spells: 0/0 levels left

rFire    . . .     SeeInvis +   a - +0 falchion
rCold    . . .     Faith    .   (no shield)
rNeg     . . .     Spirit   .   b - +0 animal skin
rPois    .         Reflect  .   (helmet unavailable)
rElec    .         Harm     .   (no cloak)
rCorr    .         Rampage  .   (no gloves)
Will     .....                  (no boots)
Stlth    +.........             (no amulet)
HPRegen  0.06/turn              (no ring)
MPRegen  0.07/turn              (no ring)

@: no status effects
A: permanent stasis, dig shafts and tunnels, antennae 3, four strong arms
a: Dig, Shaft Self


You were on level 1 of the Dungeon.
You visited 1 branch of the dungeon, and saw 1 of its levels.

You collected 27 gold pieces.

Inventory:

Hand Weapons
 a - a +0 falchion (weapon)
Armour
 b - a +0 animal skin (worn)
Scrolls
 c - a scroll of immolation {unknown}
Potions
 d - a potion of ambrosia {unknown}


   Skills:
 + Level 3.3 Fighting
 + Level 3.0 Long Blades
 + Level 2.2 Armour
 + Level 1.8 Dodging


You couldn't memorise any spells.
You didn't know any spells.
Your spell library was empty.

Dungeon Overview and Level Annotations

Branches:
Dungeon (1/15)

Altars:


Innate Abilities, Weirdness & Mutations

You cannot be hasted, slowed, berserked, paralysed or teleported.
You can dig through walls and to a lower floor.
You have a pair of large antennae on your head. (SInv)
Your four strong arms can wield two-handed weapons with a shield.


Message History

There is an open door here.
You hit the ball python.
You kill the ball python!
No target in view!
No target in view!
No target in view!
No target in view!
No target in view!
No target in view!
No target in view!
No target in view!
No target in view!
No target in view!
No target in view!
No target in view!
You open the door.
You sense a monster nearby.
There is an open door here.
You open the door.
There is an open door here.
You open the door.
Found 18 poisoned darts.
There is an open door here.
You see here 18 poisoned darts.
You sense a monster nearby.
A ball python comes into view.
A ball python is nearby!
You open the door.
A ball python comes into view.
The ball python hisses angrily.
Trog hurls fiery rage upon you!
The fireball explodes!
The fireball engulfs you!
Ouch! That really hurt!
* * * LOW HITPOINT WARNING * * *
You are too injured to fight recklessly!
You close the door.
The ball python hisses angrily.
The ball python misses you. x2
You barely miss the ball python. The ball python bites you.
You die...

#.............#
#.'########'..#
#.#........#..#
#.#.'####'.#.(#
..#.#....#.#..#
##.#.#.##.#.#..#
#.#.#.##.#.#..#
..#.#....#.#..#
..#.+####+.#@.#
#.....S.{#S.# +#
#+..# .........#
.........#
##########


You could see a ball python.

Vanquished Creatures
  A ball python (D:1)
  A giant cockroach (D:1)
2 creatures vanquished.

Notes
Turn   | Place    | Note
-------+----------+-------------------------------------------
     0 | D:1      | Anon1729 the Formicid Berserker began the quest for the
                  | Orb.
     0 | D:1      | Reached XP level 1. HP: 18/18 MP: 1/1
     0 | D:1      | Fell from the grace of Trog
   269 | D:1      | Slain by a ball python

Illustrated notes

Levels and vault maps discovered:
D:1:      psy_arrival_basics, layout_basic, hellmonk_ecumenical_altar_lost_god,
          minivault_11, corexii_item_surrounded_by_moat

Action                   || total
-------------------------++-------
Melee: Falchion          ||     4
Invok: Renounce Religion ||     1
Dodge: Dodged            ||     5
       Rpst.: Falchion   ||     1

Table legend: (Time is in decaauts)
 A = Elapsed time spent in this place.
 B = Non-inter-level travel time spent in this place.
 C = Inter-level travel time spent in this place.
 D = Time resting spent in this place.
 E = Time spent auto-exploring this place.
 F = Levels seen in this place.
 G = Mean time per level.
                   A        B        C        D        E       F      G
               +--------+--------+--------+--------+--------+-----+--------+
         Total |    269 |    269 |      0 |      0 |    250 |   1 |  269.0 |
       Dungeon |    269 |    269 |      0 |      0 |    250 |   1 |  269.0 |
               +--------+--------+--------+--------+--------+-----+--------+

Top non-repeatable levels by time:
     D:1: 269 daAuts
